 Dungeon Crawl Stone Soup version 0.20.1-1-g8b1a95d (webtiles) character file.

707 Gargoyl the Covered (level 7, -1/61 HPs)
             Began as a Minotaur Abyssal Knight on July 24, 2017.
             Was a Priest of Lugonu.
             Slain by a hornet zombie (9 damage)
             ... on level 5 of the Dungeon.
             The game lasted 00:07:24 (4020 turns).

Gargoyl the Covered (Minotaur Abyssal Knight)       Turns: 4020, Time: 00:07:25

Health: -1/61      AC: 16    Str: 17    XL:     7   Next: 40%
Magic:  8/8        EV:  7    Int:  9    God:    Lugonu [***...]
Gold:   146        SH:  0    Dex: 11    Spells: 6/6 levels left

rFire    . . .     SeeInvis .   a - +1 hand axe
rCold    . . .     Gourm    .   (no shield)
rNeg     . . .     Faith    .   d - +2 plate armour
rPois    .         Spirit   .   (helmet restricted)
rElec    .         Reflect  .   r - +0 cloak
rCorr    +         Harm     .   (no gloves)
MR       .....                  (no boots)
Stlth    ..........             f - amulet of rage
Regen    0.2/turn               g - +1 ring of evasion
MPRegen  0.2/turn               l - ring of resist corrosion

@: no status effects
A: retaliatory headbutt, horns 2
a: Depart the Abyss, Bend Space, Banish, Renounce Religion, Evoke Berserk Rage


You were on level 5 of the Dungeon.
You worshipped Lugonu.
Lugonu was most pleased with you.
You were not hungry.

You visited 1 branch of the dungeon, and saw 5 of its levels.
You visited the Abyss 1 time.

You collected 146 gold pieces.

Inventory:

Hand Weapons
 a - a +1 hand axe (weapon)
Missiles
 j - 6 tomahawks (quivered)
Armour
 d - a +2 plate armour (worn)
 r - a +0 cloak (worn)
Jewellery
 f - an amulet of rage (around neck)
 g - a +1 ring of evasion (left hand)
 l - a ring of resist corrosion (right hand)
 o - a cursed -3 ring of strength {unknown}
 q - an uncursed ring of magical power {unknown}
Scrolls
 b - a scroll of magic mapping
 s - a scroll of immolation {unknown}
 t - 2 scrolls of identify
Potions
 e - a potion of flight {unknown}
 i - a potion of mutation {unknown}
 m - 2 potions of curing
 u - a potion of lignification {unknown}
Comestibles
 c - 2 bread rations
 h - a royal jelly
 k - 11 chunks of flesh
 p - a meat ration


   Skills:
 + Level 5.3 Fighting
 + Level 6.0 Axes
 + Level 0.2 Throwing
 * Level 6.1 Armour
 + Level 1.5 Dodging
 * Level 3.5 Invocations


You had 6 spell levels left.
You didn't know any spells.

Dungeon Overview and Level Annotations

Branches:
Dungeon (5/15)
 Temple: D:4-7

Altars:
Ashenzari
Dithmenos
Fedhas
Sif Muna
Vehumet
Zin


Innate Abilities, Weirdness & Mutations

You reflexively headbutt those who attack you in melee.
You have a pair of horns on your head.


Message History

The ice beast hits you but does no damage.
The hornet zombie completely misses you.
Unknown command.
You closely miss the ice beast. You headbutt the ice beast.
The ice beast is lightly wounded.
Your plate armour prevents you from hitting the hornet zombie.
The ice beast hits you but does no damage.
The hornet zombie hits you but does no damage.
Unknown command.
You slash the ice beast!
You headbutt the ice beast, but do no damage.
The ice beast is moderately wounded.
You hit the hornet zombie. The hornet zombie hits you.
* * * LOW HITPOINT WARNING * * *
The ice beast barely misses you. You furiously retaliate!
You headbutt the ice beast. You hit the ice beast.
The ice beast is heavily wounded.
You slash the hornet zombie! The hornet zombie hits you!
You die...

...........#
...........#
...........#
........>..#
...........#
...........#
.......Z...#
......Y@...#
...........# .
...........##...
.......[<.......
.......)).......
........((......
.....$..........
######..........
#..........


You could see an ice beast and a hornet zombie.

Vanquished Creatures
  A water moccasin (D:5)
  An ogre (D:5)
  A howler monkey (D:4)
  2 hounds (D:4)
  3 orc priests
  2 orc wizards
  A worker ant (D:4)
  2 hound skeletons (D:4)
  2 worker ant zombies
  4 gnolls
  5 adders
  An ooze (D:2)
  3 worms
  A dart slug (D:1)
  A leopard gecko (D:3)
  15 orcs
  3 giant cockroaches
  8 hobgoblins
  12 kobolds
  3 quokkas
  11 bats
  4 frilled lizards
  8 goblins
  2 quokka skeletons (D:4)
  9 rats
105 creatures vanquished.

Vanquished Creatures (others)
  A quokka (D:5)
1 creature vanquished.

Grand Total: 106 creatures vanquished

Notes
Turn   | Place    | Note
-------+----------+-------------------------------------------
     0 | Abyss:1  | Gargoyl the Minotaur Abyssal Knight began the quest for the Orb.
     0 | Abyss:1  | Reached XP level 1. HP: 19/19 MP: 1/1
    32 | Abyss:2  | Noticed a ynoxinul
    64 | D:1      | Escaped the Abyss
    67 | D:1      | Noticed an ogre
    67 | D:1      | Noticed a demigod
    69 | D:1      | Noticed a centaur
    69 | D:1      | Noticed a gargoyle
    71 | D:1      | Noticed a draconian
    71 | D:1      | Noticed a troll
    75 | D:1      | Noticed a felid
    75 | D:1      | Noticed a human
    77 | D:1      | Noticed a tengu
    79 | D:1      | Noticed an octopode
    81 | D:1      | Noticed a vine stalker
    81 | D:1      | Noticed an elf
    83 | D:1      | Noticed a minotaur
    83 | D:1      | Noticed a formicid
    85 | D:1      | Noticed a vampire
    85 | D:1      | Noticed a demonspawn
    87 | D:1      | Noticed a merfolk
    87 | D:1      | Noticed a halfling
    89 | D:1      | Noticed a dwarf
    89 | D:1      | Noticed a naga
    91 | D:1      | Noticed a ghoul
    91 | D:1      | Noticed a spriggan
   284 | D:1      | Reached * piety under Lugonu
   284 | D:1      | Reached XP level 2. HP: 27/27 MP: 2/2
   784 | D:2      | Reached XP level 3. HP: 33/33 MP: 3/3
   969 | D:2      | Found a radiant altar of Vehumet.
   981 | D:2      | Found a shattered altar of Ashenzari.
  1004 | D:2      | Found a shadowy altar of Dithmenos.
  1339 | D:2      | Found a glowing silver altar of Zin.
  1709 | D:3      | Reached XP level 4. HP: 32/40 MP: 4/4
  2287 | D:3      | Reached ** piety under Lugonu
  2342 | D:3      | Reached XP level 5. HP: 45/46 MP: 5/5
  2841 | D:3      | Found a deep blue altar of Sif Muna.
  3225 | D:4      | Reached XP level 6. HP: 53/53 MP: 7/7
  3267 | D:4      | Reached skill level 5 in Axes
  3300 | D:4      | Reached skill level 5 in Armour
  3309 | D:4      | Reached skill level 5 in Fighting
  3703 | D:4      | Found a blossoming altar of Fedhas.
  3877 | D:5      | Entered Level 5 of the Dungeon
  3892 | D:5      | Reached XP level 7. HP: 20/61 MP: 8/8
  3909 | D:5      | Reached *** piety under Lugonu
  4020 | D:5      | Slain by a hornet zombie

Skill      XL: |  1  2  3  4  5  6  7 |
---------------+----------------------+-----
Invocations    | 2 3 |  3.5
Armour         | 3 4 5 6 |  6.1
Fighting       | 4 5 |  5.3
Axes           | 3 4 5 6 |  6.0
Throwing       | |  0.2
Dodging        | |  1.5

Action                   |  1- 3 |  4- 6 |  7- 9 || total
-------------------------+-------+-------+-------++-------
Melee: Hand axe          |    91 |   168 |    23 ||   282
       Headbutt          |    10 |    29 |     4 ||    43
       War axe           |       |    41 |       ||    41
Throw: Tomahawk          |       |     1 |       ||     1
Invok: Depart the Abyss  |     1 |       |       ||     1
 Abil: Evoke Berserk Rag |       |       |     1 ||     1
  Use: Scroll            |     7 |     3 |       ||    10
       Potion            |       |     4 |     1 ||     5
 Stab: Invisible         |       |       |     3 ||     3
  Eat: Chunk             |     2 |     8 |     1 ||    11
Armor: Plate armour      |    97 |   199 |    22 ||   318
Dodge: Dodged            |    38 |    85 |    13 ||   136
